PCL
ALBUQUERQUE ISOTOPES @ LAS VEGAS STARS
09/02/2027
 
TOP OF THE 1ST
Albuquerque Isotopes batting - Pitching for Las Vegas Stars : RHP Javier Valenzuela
Pitching: RHP Javier Valenzuela
Batting: LHB Pedro Cruz 0-0: Foul Ball, location: 2F
0-1: Foul Ball, location: 2F
0-2: Ball
1-2: Ground out U3 (Groundball, 3L)
Batting: LHB Bernardo Montés 0-0: Ball
1-0: Ball
2-0: Ball
3-0: Base on Balls
Batting: LHB Juan Carlos Sánchez 0-0: Ball
1-0: Called Strike
1-1: Ball
2-1: Ball
3-1: Foul Ball, location: 2F
3-2: Base on Balls
Bernardo Montés to second
Batting: LHB José González 0-0: Ball
1-0: Foul Ball, location: 2F
1-1: Fielders Choice at 2nd, 3-6 (Groundball, 3)
Bernardo Montés to third
Batting: RHB Juan Vareas 0-0: Ball
1-0: Called Strike
1-1: Foul Ball, location: 2F
1-2: Fielders Choice at 2nd, 4-6 (Groundball, 4)
Top of the 1st over - 0 run(s), 0 hit(s), 0 error(s), 1 left on base; Albuquerque 0 - Las Vegas 0
BOTTOM OF THE 1ST
Las Vegas Stars batting - Pitching for Albuquerque Isotopes : RHP Francisco Álvarez
Pitching: RHP Francisco Álvarez
Batting: SHB Héctor Barajas 0-0: Called Strike
0-1: Ball
1-1: Foul Ball, location: 2F
1-2: Ball
2-2: Strikes out looking
Batting: SHB Sloan James 0-0: Ground out 6-3 (Groundball, 6M)
Batting: RHB Tom Howe 0-0: Foul Ball, location: 2F
0-1: Foul Ball, location: 2F
0-2: Foul Ball, location: 2F
0-2: Ball
1-2: Ball
2-2: Fly out, F8 (Flyball, 8LD)
Bottom of the 1st over - 0 run(s), 0 hit(s), 0 error(s), 0 left on base; Albuquerque 0 - Las Vegas 0
TOP OF THE 2ND
Albuquerque Isotopes batting - Pitching for Las Vegas Stars : RHP Javier Valenzuela
Batting: RHB Alden Isenhood 0-0: Ball
1-0: Ground out 5-3 (Groundball, 5)
Batting: RHB Arturo García 0-0: Foul Ball, location: 2F
0-1: Fly out, F6 (Popup, 6D)
Batting: RHB Dave Mullen 0-0: Swinging Strike
0-1: Called Strike
0-2: Strikes out looking
Top of the 2nd over - 0 run(s), 0 hit(s), 0 error(s), 0 left on base; Albuquerque 0 - Las Vegas 0
BOTTOM OF THE 2ND
Las Vegas Stars batting - Pitching for Albuquerque Isotopes : RHP Francisco Álvarez
Batting: RHB Kyle Bacon 0-0: Called Strike
0-1: Foul Ball, location: 2F
0-2: Ball
1-2: Fly out, F3 (Popup, 34S)
Batting: RHB Brian George 0-0: Called Strike
0-1: Ground out 5-3 (Groundball, 56)
Batting: SHB Júlio Salazar 0-0: Fly out, F8 (Flyball, 8LS)
Bottom of the 2nd over - 0 run(s), 0 hit(s), 0 error(s), 0 left on base; Albuquerque 0 - Las Vegas 0
TOP OF THE 3RD
Albuquerque Isotopes batting - Pitching for Las Vegas Stars : RHP Javier Valenzuela
Batting: RHB Rick Ayliffe 0-0: SINGLE (Groundball, 6D)
Batting: LHB Pedro Cruz 0-0: Called Strike
0-1: Ball
1-1: Ball
2-1: Ball
3-1: Grounds out, U3 (Groundball, 3L)
Batting: LHB Bernardo Montés 0-0: Ball
1-0: Foul Ball, location: 2F
1-1: Ball
2-1: Swinging Strike
2-2: Strikes out swinging
Batting: LHB Juan Carlos Sánchez 0-0: Fly out, F6 (Line Drive, 6M)
Top of the 3rd over - 0 run(s), 1 hit(s), 0 error(s), 1 left on base; Albuquerque 0 - Las Vegas 0
BOTTOM OF THE 3RD
Las Vegas Stars batting - Pitching for Albuquerque Isotopes : RHP Francisco Álvarez
Batting: LHB Diego Torres 0-0: Called Strike
0-1: Ground out 1-3 (Groundball, 13S)
Batting: LHB Paco Rivera 0-0: Ground out 5-3 (Groundball, 56S)
Batting: RHB Ryan McBride 0-0: Ball
1-0: Fly out, F7 (Flyball, 7S)
Bottom of the 3rd over - 0 run(s), 0 hit(s), 0 error(s), 0 left on base; Albuquerque 0 - Las Vegas 0
TOP OF THE 4TH
Albuquerque Isotopes batting - Pitching for Las Vegas Stars : RHP Javier Valenzuela
Batting: LHB José González 0-0: Ball
1-0: Ball
2-0: Fly out, F8 (Flyball, 8RXD)
Batting: RHB Juan Vareas 0-0: Ball
Error on foul ball, E2
1-1: Ball
2-1: Fly out, F6 (Popup, 6D)
Batting: RHB Alden Isenhood 0-0: Ball
1-0: SINGLE (Line Drive, 4MD)
Batting: RHB Arturo García 0-0: Called Strike
0-1: Ball
1-1: SINGLE (Groundball, 5D)
Alden Isenhood to second
Pitching: RHP Jorge Oliva
Batting: RHB Dave Mullen 0-0: SINGLE (Line Drive, 56)
Alden Isenhood to third
Arturo García to second
Runner from 3rd tries for Home, SAFE, no throw
Batting: RHB Rick Ayliffe 0-0: Called Strike
0-1: Ground out 6-3 (Groundball, 56)
Top of the 4th over - 1 run(s), 3 hit(s), 1 error(s), 2 left on base; Albuquerque 1 - Las Vegas 0
BOTTOM OF THE 4TH
Las Vegas Stars batting - Pitching for Albuquerque Isotopes : RHP Francisco Álvarez
Batting: SHB Héctor Barajas 0-0: Ball
1-0: Ball
2-0: Fly out, F9 (Flyball, 9S)
Batting: SHB Sloan James 0-0: Ball
1-0: Fly out, F7 (Line Drive, 78M)
Batting: RHB Tom Howe 0-0: Ball
1-0: Fly out, F7 (Flyball, 7LMF)
Bottom of the 4th over - 0 run(s), 0 hit(s), 0 error(s), 0 left on base; Albuquerque 1 - Las Vegas 0
TOP OF THE 5TH
Albuquerque Isotopes batting - Pitching for Las Vegas Stars : RHP Jorge Oliva
Batting: LHB Pedro Cruz 0-0: Ball
1-0: Swinging Strike
1-1: Ball
2-1: Swinging Strike
2-2: Fly out, F6 (Popup, 6D)
Batting: LHB Bernardo Montés 0-0: Swinging Strike
0-1: Fly out, F8 (Line Drive, 8RD)
Batting: LHB Juan Carlos Sánchez 0-0: Ball
1-0: Ball
2-0: DOUBLE (Line Drive, 8RXD) - OUT at third base trying to stretch hit.
Top of the 5th over - 0 run(s), 1 hit(s), 0 error(s), 0 left on base; Albuquerque 1 - Las Vegas 0
BOTTOM OF THE 5TH
Las Vegas Stars batting - Pitching for Albuquerque Isotopes : RHP Francisco Álvarez
Batting: RHB Kyle Bacon 0-0: Called Strike
0-1: Fly out, F8 (Flyball, 8RD)
Batting: RHB Brian George 0-0: Called Strike
0-1: Foul Ball, location: 2F
0-2: Ball
1-2: Fly out, F8 (Flyball, 8LM)
Batting: SHB Júlio Salazar 0-0: Ground out U3 (Groundball, 34S)
Bottom of the 5th over - 0 run(s), 0 hit(s), 0 error(s), 0 left on base; Albuquerque 1 - Las Vegas 0
TOP OF THE 6TH
Albuquerque Isotopes batting - Pitching for Las Vegas Stars : RHP Jorge Oliva
Batting: LHB José González 0-0: TRIPLE (Flyball, 9D)
Batting: RHB Juan Vareas 0-0: Fly out, F9 (Flyball, 9LS)
Batting: RHB Alden Isenhood 0-0: Called Strike
0-1: Squeeze Bunt - play home, runner OUT, batter safe! 1-2
Batting: RHB Arturo García 0-0: Called Strike
0-1: Foul Ball, location: 2F
0-2: Ball
1-2: Strikes out swinging
Top of the 6th over - 0 run(s), 1 hit(s), 0 error(s), 1 left on base; Albuquerque 1 - Las Vegas 0
BOTTOM OF THE 6TH
Las Vegas Stars batting - Pitching for Albuquerque Isotopes : RHP Francisco Álvarez
Batting: LHB Diego Torres 0-0: Swinging Strike
0-1: Foul Ball, location: 2F
0-2: Ball
1-2: Strikes out swinging
Batting: LHB Paco Rivera 0-0: Ball
1-0: Ball
2-0: Ball
3-0: Called Strike
3-1: Base on Balls
Batting: RHB Ryan McBride 0-0: Called Strike
0-1: Fly out, F7 (Flyball, 7D)
Batting: SHB Héctor Barajas 0-0: Called Strike
0-1: Swinging Strike
0-2: Ball
1-2: Ball
2-2: Strikes out swinging
Bottom of the 6th over - 0 run(s), 0 hit(s), 0 error(s), 1 left on base; Albuquerque 1 - Las Vegas 0
TOP OF THE 7TH
Albuquerque Isotopes batting - Pitching for Las Vegas Stars : RHP Jorge Oliva
Batting: RHB Dave Mullen 0-0: Called Strike
0-1: Called Strike
0-2: Strikes out swinging
Batting: RHB Rick Ayliffe 0-0: Swinging Strike
0-1: Ground out 4-3 (Groundball, 4M)
Batting: LHB Pedro Cruz 0-0: Ball
1-0: Ball
2-0: Foul Ball, location: 2F
2-1: Ground out 6-3 (Groundball, 6)
Top of the 7th over - 0 run(s), 0 hit(s), 0 error(s), 0 left on base; Albuquerque 1 - Las Vegas 0
BOTTOM OF THE 7TH
Las Vegas Stars batting - Pitching for Albuquerque Isotopes : RHP Francisco Álvarez
Batting: SHB Sloan James 0-0: Foul Ball, location: 2F
0-1: Foul Ball, location: 2F
0-2: Strikes out swinging
Batting: RHB Tom Howe 0-0: Ball
1-0: Ball
2-0: SINGLE (Line Drive, 8LS)
Batting: RHB Kyle Bacon 0-0: Called Strike
0-1: Ball
1-1: Swinging Strike
1-2: Ball
2-2: Ball
3-2: Ground out 6-3 (Groundball, 6)
Tom Howe to second
Batting: RHB Brian George 0-0: Swinging Strike
0-1: Foul Ball, location: 2F
0-2: Foul Ball, location: 2F
0-2: Ball
1-2: Ball
2-2: Foul Ball, location: 2F
2-2: Foul Ball, location: 2F
2-2: Strikes out swinging
Bottom of the 7th over - 0 run(s), 1 hit(s), 0 error(s), 1 left on base; Albuquerque 1 - Las Vegas 0
TOP OF THE 8TH
Albuquerque Isotopes batting - Pitching for Las Vegas Stars : RHP Jorge Oliva
Pitching: LHP Jeff Catron
Batting: LHB Bernardo Montés 0-0: Ball
1-0: Foul Ball, location: 2F
1-1: Ground out 3-1 (Groundball, 34)
Batting: LHB Juan Carlos Sánchez 0-0: Ball
1-0: Ball
2-0: Foul Ball, location: 2F
2-1: Foul Ball, location: 2F
2-2: Strikes out swinging
Batting: LHB José González 0-0: Ball
1-0: Called Strike
1-1: Foul Ball, location: 2F
1-2: Ball
2-2: Strikes out swinging, 2-3 out at first.
Top of the 8th over - 0 run(s), 0 hit(s), 0 error(s), 0 left on base; Albuquerque 1 - Las Vegas 0
BOTTOM OF THE 8TH
Las Vegas Stars batting - Pitching for Albuquerque Isotopes : RHP Francisco Álvarez
Now in RF: Víctor Solano
Batting: SHB Júlio Salazar 0-0: Ball
1-0: Swinging Strike
1-1: Foul Ball, location: 2F
1-2: Ball
2-2: Fly out, F7 (Flyball, 7LM)
Batting: LHB Diego Torres 0-0: Called Strike
0-1: Ball
1-1: Reached on error, E3 (Groundball, 34)
Batting: LHB Paco Rivera 0-0: Ball
1-0: Fly out, F2 (Popup, 15S)
Batting: RHB Ryan McBride 0-0: Ball
1-0: Swinging Strike
1-1: Ball
2-1: Fielders Choice at 2nd, 5-4 (Groundball, 56)
Bottom of the 8th over - 0 run(s), 0 hit(s), 1 error(s), 0 left on base; Albuquerque 1 - Las Vegas 0
TOP OF THE 9TH
Albuquerque Isotopes batting - Pitching for Las Vegas Stars : LHP Jeff Catron
Batting: RHB Juan Vareas 0-0: Ground out 6-3 (Groundball, 6)
Batting: RHB Alden Isenhood 0-0: Called Strike
0-1: Ball
1-1: Called Strike
1-2: Ball
2-2: Strikes out swinging
Batting: RHB Arturo García 0-0: Called Strike
0-1: Foul Ball, location: 2F
0-2: Strikes out swinging
Top of the 9th over - 0 run(s), 0 hit(s), 0 error(s), 0 left on base; Albuquerque 1 - Las Vegas 0
BOTTOM OF THE 9TH
Las Vegas Stars batting - Pitching for Albuquerque Isotopes : RHP Francisco Álvarez
Pitching: RHP Howard Joyce
Batting: SHB Héctor Barajas 0-0: Ball
1-0: Called Strike
1-1: Ball
2-1: Ball
3-1: Fly out, F6 (Popup, 56D)
Batting: SHB Sloan James 0-0: Ball
1-0: Ball
2-0: Called Strike
2-1: Swinging Strike
2-2: Strikes out swinging
Batting: RHB Tom Howe 0-0: Ball
1-0: Called Strike
1-1: Ball
2-1: Ball
3-1: Base on Balls
Batting: RHB Kyle Bacon 0-0: Foul Ball, location: 2F
0-1: Swinging Strike
0-2: Ball
1-2: Strikes out swinging
Bottom of the 9th over - 0 run(s), 0 hit(s), 0 error(s), 1 left on base; Albuquerque 1 - Las Vegas 0
Thursday, March 30th, 2017 - OOTP Baseball 17.12 Build 75